 Dungeon Crawl Stone Soup version 0.20.0-10-g0535bb4 (webtiles) character file.

1764 maniacrov the Cleaver (level 8, -1/71 HPs)
             Began as a Minotaur Fighter on June 8, 2017.
             Slain by an orc warrior
             ... wielding a +0 war axe
              (16 damage)
             ... on level 6 of the Dungeon.
             The game lasted 00:21:27 (5815 turns).

maniacrov the Cleaver (Minotaur Fighter)            Turns: 5815, Time: 00:21:28

Health: -1/71      AC:  7    Str: 22    XL:     8   Next: 79%
Magic:  7/7        EV: 10    Int:  5    God:
Gold:   274        SH: 10    Dex: 11    Spells: 7/7 levels left

rFire    . . .     SeeInvis .   a - +0 war axe
rCold    . . .     Gourm    .   c - +0 shield
rNeg     . . .     Faith    .   p - +0 ring mail
rPois    .         Spirit   .   (helmet restricted)
rElec    .         Reflect  .   (no cloak)
rCorr    .         Harm     .   o - +0 pair of gloves
MR       .....                  (no boots)
Stlth    +.........             (no amulet)
Regen    0.3/turn               (no ring)
MPRegen  0.1/turn               (no ring)

@: no status effects
A: retaliatory headbutt, horns 2
a: no special abilities


You were on level 6 of the Dungeon.
You were full.

You visited 1 branch of the dungeon, and saw 6 of its levels.

You collected 274 gold pieces.

Inventory:

Hand Weapons
 a - a +0 war axe (weapon)
 v - a +3 hand axe of chopping
Armour
 c - a +0 shield (worn)
 o - a +0 pair of gloves (worn)
 p - a +0 ring mail (worn)
Magical Staves
 d - an uncursed staff of energy
Jewellery
 g - a +3 ring of protection {unknown}
 i - an uncursed amulet of harm {unknown}
Wands
 s - a wand of confusion (21/48)
Scrolls
 f - a scroll of identify
 n - 3 scrolls of teleportation
 r - 2 scrolls of fog
Potions
 e - 2 potions of agility {unknown}
 j - a potion of degeneration {unknown}
 k - 3 potions of curing {unknown}
 m - 2 potions of haste {unknown}
 u - a potion of magic {unknown}
Comestibles
 b - 4 meat rations
 l - 2 royal jellies
 t - a bread ration


   Skills:
 + Level 6.9 Fighting
 + Level 9.0 Axes
 + Level 6.1 Armour
 + Level 3.4 Dodging
 + Level 1.1 Stealth
 + Level 6.6 Shields


You had 7 spell levels left.
You didn't know any spells.

Dungeon Overview and Level Annotations

Branches:
Dungeon (6/15)             Temple (0/1) D:5

Altars:
Ashenzari
Hepliaklqana
Ru
Trog


Innate Abilities, Weirdness & Mutations

You reflexively headbutt those who attack you in melee.
You have a pair of horns on your head.


Message History

The orc warrior is heavily wounded.
You block the orc warrior's attack.
You barely miss the orc warrior.
You headbutt the orc warrior, but do no damage.
The orc warrior is heavily wounded.
The orc warrior hits you with a war axe!
You closely miss the orc warrior. You headbutt the orc warrior.
The orc warrior is severely wounded.
The orc warrior hits you with a war axe!
* * * LOW HITPOINT WARNING * * *
You closely miss the orc warrior.
You headbutt the orc warrior, but do no damage.
The orc warrior is severely wounded.
The orc warrior misses you. You furiously retaliate!
You headbutt the orc warrior.
Your shield prevents you from hitting the orc warrior.
You headbutt the orc warrior, but do no damage.
The orc warrior is almost dead.
The orc warrior hits you with a war axe!
You die...

#...##.#
######.# #.#
#.## #..#
##)## #..#
##.#######
###>ggo@..#
###...#####.#
#...### .#
#...### .#
#.... .#
..... .#
##..g .# #..
.# #..


You could see an orc warrior and 2 gnolls.

Vanquished Creatures
  Edmund (D:5)
  A sky beast (D:4)
  An ice beast (D:5)
  2 ogres (D:4)
  2 bullfrogs
  A gnoll sergeant (D:5)
  2 scorpions
  3 crimson imps (D:5)
  2 orc priests
  2 hounds (D:5)
  A jelly (D:5)
  2 centaur skeletons (D:4)
  An iguana (D:5)
  7 orc wizards
  5 worker ants
  2 hound skeletons
  13 gnolls
  5 adders
  A shadow imp (D:5)
  An adder skeleton (D:4)
  4 worms
  5 dart slugs
  3 leopard geckos
  21 orcs
  5 giant cockroaches
  14 goblins
  9 hobgoblins
  4 jackals
  14 kobolds
  2 quokkas
  8 bats
  5 frilled lizards
  A jackal zombie (D:5)
  2 leopard gecko skeletons
  A quokka skeleton (D:5)
  10 rats
163 creatures vanquished.

Notes
Turn   | Place    | Note
-------+----------+-------------------------------------------
     0 | D:1      | maniacrov the Minotaur Fighter began the quest for the Orb.
     0 | D:1      | Reached XP level 1. HP: 19/19 MP: 0/0
   129 | D:1      | Reached XP level 2. HP: 27/27 MP: 1/1
   337 | D:1      | Reached XP level 3. HP: 32/33 MP: 2/2
   687 | D:2      | Reached skill level 3 in Axes
  1230 | D:2      | Reached XP level 4. HP: 41/41 MP: 3/3
  1412 | D:3      | Found a shattered altar of Ashenzari.
  1554 | D:3      | Found a sacrificial altar of Ru.
  1562 | D:3      | Reached skill level 4 in Axes
  1562 | D:3      | Reached skill level 1 in Dodging
  1562 | D:3      | Reached XP level 5. HP: 45/47 MP: 4/4
  1861 | D:3      | Reached skill level 5 in Axes
  2128 | D:3      | Found a hazy altar of Hepliaklqana.
  2183 | D:3      | Reached XP level 6. HP: 55/55 MP: 5/5
  2237 | D:4      | Noticed a sky beast
  2241 | D:4      | Reached skill level 5 in Fighting
  2257 | D:4      | Killed a sky beast
  2476 | D:4      | Reached skill level 6 in Axes
  2476 | D:4      | Reached skill level 5 in Shields
  2476 | D:4      | Reached XP level 7. HP: 53/61 MP: 6/6
  2558 | D:4      | Reached skill level 5 in Armour
  3302 | D:5      | Entered Level 5 of the Dungeon
  3302 | D:5      | Noticed Edmund
  3306 | D:5      | Reached skill level 1 in Stealth
  3325 | D:5      | Killed Edmund
  3325 | D:5      | Reached skill level 7 in Axes
  3476 | D:5      | Reached XP level 8. HP: 29/70 MP: 7/7
  3760 | D:5      | Found a staircase to the Ecumenical Temple.
  3997 | D:5      | Reached skill level 8 in Axes
  4264 | D:5      | HP: 1/71 [gnoll/spear (4)]
  4931 | D:5      | Found a bloodstained altar of Trog.
  5799 | D:6      | Reached skill level 9 in Axes
  5815 | D:6      | Slain by an orc warrior

Skill      XL: |  1  2  3  4  5  6  7  8 |
---------------+-------------------------+-----
Fighting       | 4 5 6 |  6.9
Armour         | 4 5 6 |  6.1
Shields        | 4 5 6 |  6.6
Axes           | 3 4 5 6 7 9 |  9.0
Dodging        | 1 2 3 |  3.4
Stealth        | 1 |  1.1

Action                   |  1- 3 |  4- 6 |  7- 9 || total
-------------------------+-------+-------+-------++-------
Melee: War axe           |    89 |   124 |   236 ||   449
       Headbutt          |    15 |    14 |    56 ||    85
  Use: Scroll            |     4 |       |     5 ||     9
       Potion            |       |     1 |       ||     1
 Stab: Paralysed         |       |     1 |       ||     1
  Eat: Bread ration      |     1 |       |     3 ||     4
       Fruit             |       |     2 |     1 ||     3
       Royal jelly       |       |       |     1 ||     1
Armor: Scale mail        |    47 |       |       ||    47
       Ring mail         |     1 |    45 |    76 ||   122
Dodge: Dodged            |    52 |    52 |    97 ||   201
Block: Shield            |    56 |    85 |   143 ||   284
